[Event "*** Titled Tuesday Blitz"]
[Site "Chess.com"]
[Date "2019.04.02"]
[Round "5"]
[White "Shahinyan_ChessMood"]
[Black "riconaipe"]
[Result "0-1"]
[WhiteElo "2596"]
[BlackElo "2433"]
[TimeControl "180+2"]
[EndTime "15:05:17 PDT"]
[Termination "riconaipe won by resignation"]

1. c4 e6 2. Nf3 d5 3. g3 Nf6 4. Bg2 Be7 5. O-O O-O 6. d4 Ne4 7. Nbd2 Nxd2 8. Bxd2 Nc6 9. Rc1 Bf6 10.
Bf4 Re8 11. Ne5 Bxe5 12. dxe5 Ne7 13. Bg5 c6 14. cxd5 exd5 15. e4 Be6 16. exd5 Bxd5 17. Bxe7 Qxe7 18. Bxd5 cxd5 19. Qxd5 Qxe5 20. Qxb7 Rab8 21.
Qxa7 Rxb2 22. Rfe1 Qxe1+ 23. Rxe1 Rxe1+ 24. Kg2 g6 25. Qc7 Ree2 26. Qd8+ Kg7 27. Qd4+ Kg8 28. a4 Rbd2 29.
Qb6 Re6 30. Qb4 Rdd6 31. a5 h5 32. h3 Kg7 33. Qc5 Rc6 34. Qb5 Rcd6 35. g4 hxg4 36.
hxg4 Rc6 37. Kg3 Kg8 38. Kh4 Kg7 39. f4 Ra6 40. Qb2+ Kg8 41. Qb5 Kg7 42. f5 gxf5 43. gxf5 Rf6 44. Kg5 Rac6 45. Qe5 Ra6 46. Qd4 Rd6 47. Qc3 Rc6 48. Qb2 Ra6 49. Qb5 Rad6 50. Kf4 Rc6 51. Ke5 Ra6 52. Qc5 Rac6 53. Qg1+ Kf8 54. Qg5 Ke7 55. Qd2 Rc5+ 56. Ke4 Rfxf5 57. a6 Rce5+ 58. Kd4 Rd5+ 59. Ke4 Rxd2 0-1

[Event "*** Titled Tuesday Blitz"]
[Site "Chess.com"]
[Date "2019.04.02"]
[Round "5"]
[White "TheBigBoss04"]
[Black "Durarbayli"]
[Result "0-1"]
[WhiteElo "2565"]
[BlackElo "2764"]
[TimeControl "180+2"]
[EndTime "15:05:19 PDT"]
[Termination "Durarbayli won by resignation"]

1. d4 Nf6 2. c4 e6 3. Nc3 c5 4. d5 exd5 5. cxd5 d6 6. e4 a6 7. a4 g6 8. Bd3 Bg7 9. h3 O-O 10. Nf3 Nbd7 11. O-O Nh5 12. Bg5 Bf6 13. Qd2 Re8 14.
Rfe1 Rb8 15. g4 Bxg5 16. Nxg5 Ne5 17. Be2 f6 18. Ne6 Bxe6 19. dxe6 Ng7 20. f4 Nc6 21.
Bc4 Kh8 22. Rad1 Nd4 23. Qf2 Ngxe6 24. Nd5 b5 25. axb5 axb5 26. Bd3 g5 27. fxg5 fxg5 28. Rf1 Rf8 29. Qg3 c4 30. Rxf8+ Qxf8 31. Bf1 Nf3+ 32. Kh1 Ne5 33. Bg2 Nf4 34. Rf1 Rb7 35. Nxf4 Rf7 36. Ng6+ hxg6 37. Rd1 Rf2 38. Qe3 Nd3 39. Qd4+ Qf6 40. e5 Qxe5 41. Rxd3 Qxd4 42. Rxd4 Rxb2 43. Rxd6 c3 44. Rc6 b4 45. Be4 Kg7 46. Kg1 Kf7 47.
Bxg6+ Ke7 48. Bf5 Rd2 49. Rc4 Rb2 50. Kf1 Kd6 51. Ke1 Kd5 52. Rc8 Kd4 53. Rd8+ Ke3 54. Rd3+ Kf4 55. Kd1 Rb1+ 56. Kc2 Rb2+ 57. Kc1 Ke5 58. Re3+ Kd4 59. Re4+ Kd5 60. Re1 Kc4 61. Be6+ Kd3 62. Bf5+ Kd4 63. Bc2 b3 64. Bb1 Rh2 65. Re4+ Kd5 66. Kd1 c2+ 67. Bxc2 bxc2+ 0-1

[Event "*** Titled Tuesday Blitz"]
[Site "Chess.com"]
[Date "2019.04.02"]
[Round "5"]
[White "maciek_92"]
[Black "DrVitman"]
[Result "1/2-1/2"]
[WhiteElo "2676"]
[BlackElo "2637"]
[TimeControl "180+2"]
[EndTime "15:05:19 PDT"]
[Termination "Game drawn by repetition"]

1. e4 c5 2. Nf3 Nc6 3. d4 cxd4 4. Nxd4 e5 5. Nb5 a6 6. N5c3 Bc5 7. Bc4 d6 8. O-O b5 9. Bd5 Nge7 10. Nd2 O-O 11. Nb3 Bb6 12. a4 b4 13. a5 Ba7 14. Bxc6 Nxc6 15.
Nd5 Be6 16. Be3 Bxe3 17. fxe3 Rb8 18. c4 bxc3 19. bxc3 Bxd5 20. exd5 Ne7 21. e4 Qc7 22. Rf3 Qc4 23. Nd2 Qc5+ 24. Kh1 Rb2 25. h3 Ng6 26. Nb3 Qb5 27. Nd2 Nf4 28. Kh2 Qc5 29. g3 Ng6 30. h4 Ne7 31. Kh3 Qc8+ 32. Kg2 f5 33. Qc1 Rb8 34. c4 fxe4 35. Rxf8+ Qxf8 36. Nxe4 Nf5 37. Qd2 Rb3 38. Re1 Qb8 39. Re2 Nd4 40. Rf2 h6 41. Nf6+ gxf6 42. Qxh6 f5 43. Qg6+ Kf8 44. Qf6+ Ke8 45.
Qh8+ Kd7 46. Qg7+ Kd8 47. h5 Rb2 48. Qg8+ Kc7 49. Qf7+ Kc8 50. Qf8+ Kc7 51. Qe7+ Kc8 52. Qe8+ Kc7 53. Qf7+ Kc8 54. Qg8+ Kc7 55. Qg7+ Kc8 56. Qg8+ Kc7 57. Qg7+ Kc8 58. Qh8+ Kc7 59. Qh7+ Kc8 60. Qh8+ Kc7 61. Qg7+ Kc8 1/2-1/2

[Event "*** Titled Tuesday Blitz"]
[Site "Chess.com"]
[Date "2019.04.02"]
[Round "5"]
[White "adriangschnitzer"]
[Black "Kirill_Klukin"]
[Result "1-0"]
[WhiteElo "2410"]
[BlackElo "2567"]
[TimeControl "180+2"]
[EndTime "15:05:31 PDT"]
[Termination "adriangschnitzer won by resignation"]

1. d4 Nf6 2. g3 g6 3. Bg2 d5 4.
Nf3 Bg7 5. O-O O-O 6. Ne5 c6 7. c4 Be6 8. b3 Nfd7 9. Nxd7 Qxd7 10. cxd5 Bxd5 11. e4 Be6 12. Bb2 c5 13. e5 Rd8 14.
Qf3 Nc6 15. dxc5 Nxe5 16. Qe2 Nc6 17. Bxg7 Kxg7 18. Nc3 Qd4 19. Ne4 Bd5 20. Rad1 Qe5 21. f4 Qe6 22. Qb2+ f6 23. Ng5 Qg8 24. Rfe1 Kh6 25. h4 Bxg2 26. Kxg2 Rxd1 27. Rxd1 Rd8 28. Rxd8 Nxd8 29. Nf3 Qd5 30. Qd4 Qxd4 31. Nxd4 Kg7 32. Kf3 e5 33. fxe5 fxe5 34. Nb5 Ne6 35. b4 a6 36. Nd6 Nd8 37. Ke4 Kf6 38. Kd5 h6 39. g4 Nc6 40. a3 Nd8 41. Ne4+ Ke7 42.
Kxe5 Nc6+ 43. Kd5 Na7 44. Nd6 Kd7 45. Nxb7 Nb5 46. Nd6 Nc3+ 47. Kc4 Ne2 48. a4 Nf4 49. b5 axb5+ 50. axb5 Ng2 51. b6 Nxh4 52. Kb5 Nf3 53. Ne4 Nd4+ 54. Kc4 Nc6 55. Nf6+ Ke6 56. Ne4 h5 57.
gxh5 gxh5 58. Kb5 Nd4+ 59. Ka6 Kd7 60. b7 Kc7 61. Ka7 Nc6+ 62. Ka8 h4 63. Ng5 Kd7 64. Nf3 h3 65. Ne5+ Nxe5 66. b8=Q h2 67. Qb7+ Ke6 68. Qg2 Nf3 1-0

[Event "*** Titled Tuesday Blitz"]
[Site "Chess.com"]
[Date "2019.04.02"]
[Round "5"]
[White "black_pawn_16"]
[Black "HiHaruka"]
[Result "0-1"]
[WhiteElo "2078"]
[BlackElo "2228"]
[TimeControl "180+2"]
[EndTime "15:05:37 PDT"]
[Termination "HiHaruka won by resignation"]

1. e4 e6 2. d4 d5 3. Nc3 Bb4 4. Bd3 dxe4 5. Bxe4 Nf6 6. Bf3 h6 7. Ne2 c5 8. a3 Bxc3+ 9. bxc3 c4 10. O-O Na6 11.
Ng3 Nd5 12. Bd2 Rb8 13. a4 Qa5 14. Ne4 O-O 15. Nd6 Qc7 16. Nb5 Qb6 17. Rb1 Bd7 18. Bxd5 exd5 19. Bf4 Rbd8 20. Qd2 Qg6 21. f3 Bf5 22.
Rbc1 Rd7 23. Bg3 Re8 24. Rfe1 Rde7 25. Nd6 Rxe1+ 26. Rxe1 Rxe1+ 27. Qxe1 Be6 28. Qc1 b6 29. Nb5 Qf6 30. Qe3 Qd8 31. Qe5 Qd7 32. h3 Kh7 33.
Kh2 Bf5 34. Qe2 Be6 35. Qe1 Qb7 36. Nd6 Qc6 37. Nb5 Qb7 38. Qe5 Qc6 39. Qe1 Qd7 40. Qb1 Bf5 41. Qd1 Qe6 42. Nxa7 Qg6 43. Nb5 Bxc2 44.
Qa1 Qd3 45. Nd6 Qe2 46. Nxf7 Bd1 47. Ne5 Qc2 48. a5 b5 49. Nc6 Bxf3 50. Qg1 Be4 51. Qf1 Qxc3 52. Be5 Qc2 53. Nd8 b4 54. Ne6 b3 55. Nf8+ Kg8 56. Ne6 Qxg2+ 57. Qxg2 Bxg2 58. Kxg2 b2 0-1

[Event "*** Titled Tuesday Blitz"]
[Site "Chess.com"]
[Date "2019.04.02"]
[Round "5"]
[White "DagurR"]
[Black "Witik"]
[Result "1/2-1/2"]
[WhiteElo "2533"]
[BlackElo "2613"]
[TimeControl "180+2"]
[EndTime "15:05:38 PDT"]
[Termination "Game drawn - insufficient material"]

1. d4 d5 2. c4 e6 3. Nc3 c6 4.
Nf3 dxc4 5. a4 Bb4 6. e3 b5 7.
Bd2 a5 8. axb5 Bxc3 9. Bxc3 cxb5 10. b3 Bb7 11. bxc4 b4 12. Bb2 Nf6 13. Bd3 Nbd7 14.
O-O O-O 15. Nd2 e5 16. Re1 Qc7 17. Bc2 Rfe8 18. Bb3 exd4 19. exd4 Rxe1+ 20. Qxe1 Re8 21. Qd1 Qf4 22. Nf1 Ng4 23. f3 Ne3 24. Qd2 Nxg2 25. Qxg2 Bxf3 26. Qg3 Qf5 27. Re1 Rxe1 28. Qxe1 Nf6 29.
Ng3 Qh3 30. Qf1 Qg4 31. Bc2 h5 32. Bf5 Qf4 33. Qc1 Qxc1+ 34. Bxc1 h4 35. Nf1 a4 36. Bc2 a3 37. Nd2 Be2 38. Bb3 Bd3 39. d5 Nd7 40.
Kf2 Nc5 41. Ke3 Nxb3 42. Nxb3 Bxc4 43. d6 Kf8 44. Nd2 Be6 45. Kd4 Ke8 46. Kc5 a2 47.
Bb2 Kd7 48. Bxg7 b3 49. Be5 h3 50. Kb4 Kc6 51. Nxb3 Kd5 52. Bg3 Ke4 53. Na1 f5 54. Kc3 f4 55. Bh4 Kf3 56. Kb2 Kg2 57. Nc2 Kxh2 58.
Nd4 Bd7 59. Bg5 Kg3 60. Ne2+ Kf3 61. Bxf4 Kxe2 62. Kxa2 Kf3 63. Be5 Ke4 64. Bh2 Kf3 65.
Kb2 Kg2 66. Be5 h2 67. Bxh2 Kxh2 68. Kc3 Kg3 69. Kd4 Kf4 70. Kc5 Ke5 71. Kb6 Kxd6 1/2-1/2

[Event "*** Titled Tuesday Blitz"]
[Site "Chess.com"]
[Date "2019.04.02"]
[Round "5"]
[White "mlchen"]
[Black "Vamostodorecto"]
[Result "1-0"]
[WhiteElo "2427"]
[BlackElo "2496"]
[TimeControl "180+2"]
[EndTime "15:05:45 PDT"]
[Termination "mlchen won by resignation"]

1. e4 e5 2. Nf3 Nc6 3. Bb5 a6 4. Ba4 Nf6 5. d3 b5 6. Bb3 Bb7 7. O-O Bc5 8. c3 O-O 9. d4 Bd6 10. Bg5 h6 11. Bh4 Be7 12. Re1 d6 13. Nbd2 g5 14. Bg3 Nh5 15. Nxe5 dxe5 16. Qxh5 Kg7 17. d5 Na5 18. Bxe5+ f6 19. Bd4 Nxb3 20. axb3 c5 21. dxc6 Bxc6 22. Nf1 Be8 23. Qf3 Bg6 24. Ne3 Bd6 25.
Nd5 Be5 26. Rad1 Qe8 27. Bc5 Rf7 28. Qe3 Bh5 29. Rd3 Rc8 30. b4 Bg6 31. Rdd1 Qe6 32. Bd4 h5 33. Bxe5 Qxe5 34. Qd4 Qe6 35. Qb6 Rc6 36.
Qd4 Rc4 37. Qb6 Qxb6 38. Nxb6 Rxe4 39. Rxe4 Bxe4 40. Nd7 Bb7 41. Nc5 Bc8 42. Rd8 Rc7 43. f3 Kf7 44. Rh8 Kg6 45. Kf2 h4 46. Rf8 Kg7 47.
Rd8 h3 48. gxh3 Kg6 49. Kg3 Rc6 50. h4 gxh4+ 51. Kxh4 Bf5 52. Kg3 a5 53. h4 axb4 54. cxb4 Rb6 55. Kf4 Bc2 56. Rg8+ Kh5 57. Nd7 Rd6 58.
Nf8 Rd4+ 59. Kg3 Kh6 60. Rh8+ Kg7 61. Ne6+ Kxh8 62. Nxd4 Bb1 63. Nxb5 Bd3 64. Nd6 Kg7 65. b5 Kf8 66. b6 1-0

[Event "*** Titled Tuesday Blitz"]
[Site "Chess.com"]
[Date "2019.04.02"]
[Round "5"]
[White "Yoshkinkot"]
[Black "IIIlllII1llIl"]
[Result "1-0"]
[WhiteElo "2560"]
[BlackElo "2780"]
[TimeControl "180+2"]
[EndTime "15:05:56 PDT"]
[Termination "Yoshkinkot won by resignation"]

1. e4 e5 2. Nf3 Nc6 3. Bb5 Nf6 4.
d3 d6 5. O-O Bd7 6. c4 Be7 7. Nc3 O-O 8. Re1 Bg4 9. Bxc6 bxc6 10. h3 Bh5 11. Qe2 Qd7 12. Qe3 h6 13.
b3 a5 14. Bb2 Qe6 15. Nh2 Bg6 16. Ne2 Nh5 17. g4 Bg5 18. Qf3 Nf4 19. Nxf4 Bxf4 20.
Nf1 a4 21. b4 a3 22. Bc3 h5 23. Ne3 hxg4 24. hxg4 f6 25. Kg2 Kf7 26. Nf5 Qd7 27.
d4 Bxf5 28. gxf5 Rh8 29. Rh1 Rag8 30. Qg4 g5 31. Rxh8 Rxh8 32. Rh1 Qe8 33. Rh3 Kg7 34. d5 cxd5 35. cxd5 Rxh3 36. Qxh3 Qf7 37. Kf3 Qe8 38.
Kg2 Qf7 39. Kf3 Kg8 40. Kg2 Kg7 41. Be1 Qe8 42. Qxa3 Qh5 43. Qf3 g4 44. Qd3 Qh2+ 45. Kf1 Kh7 46. a4 Qh1+ 47. Ke2 Qg2 48. Kd1 g3 49. fxg3 Bg5 50. Qe2 Qh1 51. a5 Qg1 52. Qf2 Qh1 53. Qe2 Qg1 54. Kc2 Qd4 55. Bc3 Qg1 56. a6 Kg7 57. Qe1 Qb6 58. Qe2 Kf8 59. Qc4 Be3 60. Kb3 Qb8 61. Qc6 Ke7 62. Qb7 Qa7 63. Qxa7 Bxa7 64. Kc4 Kd7 65. Kb5 Bb6 66. Bd2 Bf2 67. g4 Kc8 68. g5 fxg5 69. Bxg5 Kd7 70.
f6 Ke8 71. Kc6 Bb6 72. b5 Kf7 73. Kb7 Kg6 74. a7 1-0

[Event "*** Titled Tuesday Blitz"]
[Site "Chess.com"]
[Date "2019.04.02"]
[Round "5"]
[White "dopolian"]
[Black "Keures"]
[Result "1/2-1/2"]
[WhiteElo "2185"]
[BlackElo "2159"]
[TimeControl "180+2"]
[EndTime "15:05:58 PDT"]
[Termination "Game drawn by stalemate"]

1. Nf3 Nf6 2. d3 d6 3. g3 g6 4. Bg2 Bg7 5. O-O O-O 6. e4 e5 7.
Ne1 Ne8 8. Nc3 Nc6 9. Be3 f5 10. f4 Nd4 11. fxe5 dxe5 12. exf5 gxf5 13. Ne2 Ne6 14.
Qd2 c6 15. Rd1 Qf6 16. d4 e4 17. Nf4 Qe7 18. c3 Nf6 19. Nc2 Ng4 20. h3 Nxe3 21.
Nxe3 Bh6 22. Nxe6 Bxe6 23. Qf2 Bxe3 24. Qxe3 Bxa2 25. Rf4 Be6 26. Rdf1 Rf7 27. Kh2 Raf8 28. R1f2 a5 29. h4 Qd6 30. Bh3 b6 31. Kg1 c5 32.
dxc5 Qxc5 33. Qxc5 bxc5 34. Rd2 Rd7 35. Rxd7 Bxd7 36.
Rf2 Rb8 37. Rd2 Be6 38. Kf2 Kf7 39. Bg2 Kf6 40. Ke3 Ke5 41. g4 f4+ 42. Ke2 f3+ 43.
Bxf3 exf3+ 44. Kxf3 a4 45. Re2+ Kf6 46. Kf4 a3 47.
bxa3 Rb3 48. g5+ Ke7 49. h5 Rxc3 50. g6 hxg6 51. hxg6 Rxa3 52. g7 Ra4+ 53. Kg5 Rg4+ 54. Kh6 Kf6 55. Rf2+ Bf5 56. Kh5 Rxg7 57. Kh4 Rg4+ 58.
Kh5 c4 59. Rd2 c3 60. Rf2 c2 61. Rxc2 Rg5+ 62. Kh6 Bxc2 1/2-1/2

[Event "*** Titled Tuesday Blitz"]
[Site "Chess.com"]
[Date "2019.04.02"]
[Round "5"]
[White "Fandorine"]
[Black "RegZryt"]
[Result "1-0"]
[WhiteElo "2846"]
[BlackElo "2575"]
[TimeControl "180+2"]
[EndTime "15:06:02 PDT"]
[Termination "Fandorine won by resignation"]

1. e4 c5 2. Nf3 e6 3. Nc3 Nc6 4. Bb5 Nd4 5. Ba4 a6 6. Nxd4 cxd4 7. Ne2 Bc5 8. Bb3 Ne7 9. d3 b5 10. O-O Bb7 11. a4 d5 12. e5 Qc7 13. f4 Nf5 14. Kh1 h5 15. Qe1 Bc6 16. axb5 axb5 17.
Rxa8+ Bxa8 18. Bd2 Bc6 19. Ng3 Ne3 20. Bxe3 dxe3 21.
d4 Bxd4 22. Qb4 Bb6 23. f5 h4 24. Ne2 Qxe5 25. fxe6 Qxe6 26. Nf4 Qd7 27. h3 Rh6 28. Nd3 Rf6 29. Rxf6 gxf6 30. Qxh4 Qe6 31. Nf4 Qe5 32. Nd3 Qe6 33. Qh8+ Kd7 34. Qb8 Bc7 35. Qa7 e2 36. Qf2 Bd6 37. c3 Ke7 38. Ne1 Qe5 39. Nf3 Qe4 40. Qe1 b4 41. Nd4 Bd7 42. Qxe2 bxc3 43.
bxc3 Qxe2 44. Nxe2 Be5 45. Bxd5 Kd6 46. Bxf7 Kc5 47. c4 Bf5 48. h4 Bg4 49. Ng1 Bf4 50. Nf3 Bh6 51. Kg1 Bf5 52. Kf2 Bd3 53. Bd5 Bxc4 54. Bxc4 Kxc4 55. Kg3 Kd5 56. Kg4 Ke6 57. Nd4+ Kf7 58. Nf5 Bd2 59. Kf3 Kg6 60. g4 Be1 61. Kg2 Bd2 62. Kg3 Be1+ 63. Kh3 Kh7 64. h5 Kg8 65.
Kg2 Kf7 66. Kf3 Bd2 67. Ke4 Bg5 68. Kd5 Bd2 69. Kd6 Bf4+ 70. Kd7 Bg5 71. Nd6+ Kg7 72. Ke6 Bh4 73. Nf5+ 1-0

[Event "*** Titled Tuesday Blitz"]
[Site "Chess.com"]
[Date "2019.04.02"]
[Round "5"]
[White "JonahWillow"]
[Black "EvgenyT"]
[Result "0-1"]
[WhiteElo "2692"]
[BlackElo "2938"]
[TimeControl "180+2"]
[EndTime "15:06:11 PDT"]
[Termination "EvgenyT won by resignation"]

1. e4 e6 2. d4 d5 3. Nd2 c5 4.
Ngf3 cxd4 5. exd5 Qxd5 6. Bc4 Qd6 7. O-O Nc6 8. Nb3 Nf6 9. Nbxd4 Nxd4 10. Nxd4 a6 11.
Re1 Qc7 12. Bb3 Bd7 13. Qf3 O-O-O 14. Bf4 Bd6 15. Bxd6 Qxd6 16. Rad1 Qc7 17. Qg3 Qxg3 18. hxg3 Kc7 19. c3 h5 20. Nf3 Be8 21. Rxd8 Kxd8 22. Ne5 Ke7 23. Rd1 h4 24. g4 Nd7 25.
Nc4 Nc5 26. Bc2 f6 27. b4 Ba4 28. bxc5 Bxc2 29. Rd2 Be4 30. Nd6 Bc6 31. Rb2 h3 32. f3 Rh4 33. Nxb7 hxg2 34. Kxg2 Rxg4+ 35. Kf2 Rc4 36.
Rb3 g5 37. Ke3 e5 38. Rb6 Bd5 39. Kd3 a5 40. Rd6 Bg8 41. Rd8 Be6 42. Rd6 Bg8 43.
Rc6 Rf4 44. Rc7+ Ke6 45. Ke3 g4 46. fxg4 Rxg4 47. Nd8+ Kd5 48. c6 Rc4 49. Rg7 Be6 50. c7 Bf5 51. Kd2 a4 52. Nb7 a3 53. Na5 Rh4 54.
Rg8 Rh2+ 55. Ke3 Rh3+ 56. Kd2 Rd3+ 57. Ke2 Rxc3 58. Rd8+ Ke4 59. Kd2 Rxc7 60. Nb3 Kf4 61. Rf8 Rc2+ 62. Kd1 Rxa2 63. Rxf6 Rb2 64. Nc1 a2 65.
Ra6 Bb1 66. Ke1 e4 67. Ra3 Rh2 68. Ne2+ Ke5 69. Kd2 Bd3 70. Ra5+ Kd6 0-1

[Event "*** Titled Tuesday Blitz"]
[Site "Chess.com"]
[Date "2019.04.02"]
[Round "5"]
[White "Maili15"]
[Black "mbojan"]
[Result "0-1"]
[WhiteElo "2273"]
[BlackElo "2501"]
[TimeControl "180+2"]
[EndTime "15:06:16 PDT"]
[Termination "mbojan won by resignation"]

1. d4 g6 2. c4 Bg7 3. e4 d6 4. Nc3 e5 5. Nf3 Nc6 6. Be3 Bg4 7. d5 Nd4 8. Be2 Bxf3 9. Bxf3 c5 10. dxc6 bxc6 11.
O-O Ne7 12. Be2 O-O 13. Bd3 Rb8 14. b3 a5 15. Qd2 c5 16. Nd5 Nxd5 17. cxd5 Rb4 18. Qd1 Qb6 19. Bd2 Rb8 20. Bxb4 Qxb4 21. Qe1 Qb6 22. Qc3 h5 23. Rfb1 Bh6 24. Bc4 Kg7 25.
Qd3 h4 26. g3 Qd8 27. Qd1 Qf6 28.
Be2 Bg5 29. Qd3 Rb6 30. Rf1 Rb4 31. Bg4 a4 32. bxa4 Rxa4 33. a3 c4 34. Qc3 Nb3 35.
Ra2 hxg3 36. hxg3 Qe7 37. f4 Bf6 38. f5 Qa7+ 39. Kg2 Qd4 40. Qf3 g5 41. Rff2 c3 42.
Rac2 Rc4 43. Qe2 Nd2 44. Bf3 g4 45. Bxg4 Nxe4 46. Rf3 Nd2 47. Rd3 Qxg4 48. Qxg4+ Rxg4 49. Rdxc3 Ne4 50. Re3 Ng5 51. Rc6 e4 52. Rxd6 Be5 53.
Rd7 Nf3 54. Kf1 Bxg3 55. Re7 Kf6 56. R7xe4 Rxe4 57. Rxf3 Rf4 58. Kg2 Rxf3 59. Kxf3 Bd6 60. a4 Kxf5 61. Ke3 Ke5 62. a5 Kxd5 63. Kf3 Ke5 64.
Kg4 Bc5 65. Kf3 Kf5 66. Kg3 Ba7 67. Kf3 f6 68. Kg3 Ke4 69. Kg2 f5 70. Kf1 Kf3 71. a6 f4 72. Ke1 Kg2 0-1

[Event "*** Titled Tuesday Blitz"]
[Site "Chess.com"]
[Date "2019.04.02"]
[Round "5"]
[White "Panchenko_Dmitry"]
[Black "nochewycandy"]
[Result "0-1"]
[WhiteElo "2526"]
[BlackElo "2380"]
[TimeControl "180+2"]
[EndTime "15:06:16 PDT"]
[Termination "nochewycandy won by resignation"]

1. e4 g6 2. d4 Bg7 3. Nc3 d6 4.
Be3 a6 5. Qd2 b5 6. O-O-O Nd7 7.
Kb1 Bb7 8. d5 c5 9. h4 h5 10. f3 Ngf6 11. Nh3 Qa5 12. Ne2 Qxd2 13. Bxd2 Ne5 14. Nhf4 O-O 15. Nc1 Rfc8 16. Be2 c4 17. Ba5 Bh6 18. g3 Ned7 19. a3 Nc5 20. Na2 Na4 21.
Rhe1 Nd7 22. Bf1 Bg7 23. c3 Ne5 24. Be2 Nc5 25. Bb6 Ncd7 26. Bd4 a5 27. Ng2 Nc5 28. Nc1 Rc7 29. f4 Ned7 30. Bxg7 Kxg7 31. Bf3 f6 32.
Ne3 Rh8 33. Nc2 Bc8 34. Nd4 Rb7 35. Nc6 Nb8 36. Nxa5 Ra7 37. Nc6 Nxc6 38. dxc6 Rc7 39. e5 Bf5+ 40. Ka2 dxe5 41. fxe5 Ra8 42. exf6+ exf6 43. Rd5 Nd3 44. Nxd3 cxd3 45. Rxb5 d2 46. Rd1 Rd8 47. b3 Bc2 48. Rb7 Rxb7 49. cxb7 Bxd1 50. Bxd1 Rb8 51. Bf3 Rxb7 52. Kb2 Re7 53. Kc2 Re3 54. Bb7 d1=Q+ 55. Kxd1 Rxc3 56. b4 Rxa3 57. b5 Rxg3 58. Kc2 Rg4 59. Kc3 Rxh4 60. Bd5 Rh3+ 61. Kb4 Rd3 62. Kc5 Rd2 63. Bb3 h4 64. b6 h3 65. b7 Rd8 66. Kb6 f5 67.
Kc7 Re8 68. Bd5 Re7+ 69. Kd6 Rxb7 70. Bxb7 Kf6 71. Bh1 Kg5 72. Ke5 Kg4 73. Kf6 g5 74. Ke5 f4 75. Ke4 Kg3 76. Kf5 f3 0-1

[Event "*** Titled Tuesday Blitz"]
[Site "Chess.com"]
[Date "2019.04.02"]
[Round "5"]
[White "suyu28"]
[Black "sergeikim"]
[Result "1-0"]
[WhiteElo "2567"]
[BlackElo "2569"]
[TimeControl "180+2"]
[EndTime "15:06:22 PDT"]
[Termination "suyu28 won by resignation"]

1. c4 e5 2. Nc3 Nc6 3. Nf3 Nf6 4. e3 Bb4 5. Qc2 Bxc3 6. Qxc3 d6 7. Be2 O-O 8. O-O Re8 9. b3 Bg4 10. d3 a5 11. a3 h6 12. Bb2 Qd7 13. Rfe1 Bh5 14.
Qc2 Rad8 15. Rac1 Bg4 16. Qb1 Ne7 17. c5 Ng6 18. cxd6 cxd6 19. Rc2 Rc8 20. Rec1 Rc6 21. h3 Be6 22. Ba1 Rec8 23. Ne1 Rxc2 24. Rxc2 Rxc2 25. Qxc2 Qb5 26. Bd1 Qb6 27. d4 Bd5 28. f3 Kh7 29. Kh2 e4 30. f4 Ne7 31.
g4 Bc6 32. Ng2 Kg8 33. Be2 Bd5 34. Bd1 Bc6 35. Kg3 Bd5 36. h4 h5 37. g5 Nf5+ 38. Kh3 Be6 39. Kh2 Ng4+ 40. Bxg4 hxg4 41. d5 g3+ 42. Kh1 Nxe3 43. Qc3 Nf5 44. dxe6 fxe6 45. Qc8+ Kf7 46. Qd7+ Ne7 47. g6+ Kf8 48. Bxg7+ Kxg7 49. Qxe7+ Kxg6 50. Qxe6+ Kg7 51. Qe7+ Kh8 52. Qf8+ Kh7 53. Qf7+ Kh8 54. Qe8+ Kg7 55. Qe7+ Kh8 56. Qf6+ Kh7 57. Qf5+ Kh8 58. Qh5+ Kg7 59. Qg4+ Kh8 60. Qxg3 Qd4 61. Qe3 Qd1+ 62. Kh2 d5 63. f5 Qg4 64. Qg5 Qf3 65. f6 1-0

[Event "*** Titled Tuesday Blitz"]
[Site "Chess.com"]
[Date "2019.04.02"]
[Round "5"]
[White "Ali_rastbod"]
[Black "MikaelyanArman"]
[Result "1-0"]
[WhiteElo "2614"]
[BlackElo "2741"]
[TimeControl "180+2"]
[EndTime "15:06:24 PDT"]
[Termination "Ali_rastbod won by resignation"]

1. c4 Nf6 2. Nc3 g6 3. g3 Bg7 4. Bg2 c5 5. Nf3 O-O 6. O-O d6 7.
d4 cxd4 8. Nxd4 Nc6 9. Nxc6 bxc6 10.
Bxc6 Rb8 11. Bg2 Qa5 12. Nb5 Bb7 13. Bd2 Qd8 14. Bc3 Bxg2 15. Kxg2 a6 16. Nd4 Qc8 17. Qd3 Nd7 18. b3 Ne5 19. Qd2 h5 20. Rac1 h4 21.
Nf3 h3+ 22. Kg1 Nxf3+ 23. exf3 Qf5 24. Qe3 Rfc8 25. Qe4 Rc5 26. Bxg7 Kxg7 27. Rfe1 e5 28. Rcd1 Rb6 29. Rd3 a5 30. Red1 Rcc6 31. Qxf5 gxf5 32. Kf1 Kf6 33. Ke2 Ke6 34. Kd2 Rc8 35. Kc3 Ra6 36. Rd5 a4 37. b4 Rac6 38. c5 dxc5 39. b5 R6c7 40. Kc4 e4 41. f4 f6 42. Rd6+ Kf7 43.
R1d5 Kg6 44. b6 Re7 45. Rxc5 e3 46. fxe3 Rb8 47. Kd3 Rbe8 48. Rcc6 Rxe3+ 49. Kc4 Re2 50. Rxf6+ Kh5 51. Rxf5+ Kg4 52. Re5 Rc2+ 53. Kb5 Rb2+ 54.
Ka6 Ra8+ 55. Kb7 Rf8 56. Rc3 Rg8 57. Ka7 Rxh2 58. b7 Rb2 59. Rg5+ Rxg5 60. fxg5 h2 61. Rc1 Kxg5 62. b8=Q Rxb8 63. Kxb8 Kg4 64. Ka7 Kxg3 65. Ka6 Kg2 66. Ka5 a3 67. Ka4 h1=Q 68.
Rxh1 Kxh1 69. Kxa3 Kg2 70. Kb4 Kf3 71. Kc5 Ke4 72. a4 Ke5 73. a5 Ke6 74. Kc6 Ke7 75.
Kc7 1-0

[Event "*** Titled Tuesday Blitz"]
[Site "Chess.com"]
[Date "2019.04.02"]
[Round "5"]
[White "Benek77"]
[Black "maloy07"]
[Result "0-1"]
[WhiteElo "2633"]
[BlackElo "2830"]
[TimeControl "180+2"]
[EndTime "15:06:32 PDT"]
[Termination "maloy07 won by resignation"]

1. e4 e6 2. d4 d5 3. exd5 exd5 4. c4 Bb4+ 5. Nc3 Nf6 6. Nf3 O-O 7. Bd3 Re8+ 8. Be3 dxc4 9. Bxc4 Be6 10. Bxe6 Rxe6 11. O-O Nbd7 12. Qb3 a5 13. a3 Bxc3 14. bxc3 a4 15.
Qc2 b5 16. c4 bxc4 17. Qxc4 Nb6 18. Qd3 c5 19. Rab1 c4 20. Qf5 c3 21. Rfc1 Rc8 22.
Ne5 h6 23. h3 Qe8 24. Nd3 Nc4 25. Bf4 Nd2 26. Bxd2 cxd2 27. Rd1 Ne4 28. Ne5 Nc3 29.
Rxd2 Nxb1 30. Qxb1 Qe7 31. Nf3 Qxa3 32. Kh2 Qd6+ 33. g3 a3 34. d5 Ree8 35. Qb3 Rb8 36. Qa2 Qf6 37. Qxa3 Ra8 38. Qd3 Red8 39. Kg2 Ra5 40.
d6 Ra7 41. Re2 Rad7 42. Qb5 Rxd6 43. Re8+ Rxe8 44. Qxe8+ Kh7 45. Qe4+ g6 46. Qe3 Kg7 47. h4 Re6 48. Qd3 Rd6 49. Qe3 Qf5 50. Qc3+ Rf6 51. Qe3 Qd5 52. Qc3 Qe4 53. Qa3 g5 54. hxg5 hxg5 55. Qe3 Qxe3 56. fxe3 Kg6 57. Kf2 Kh5 58.
Kg2 Ra6 59. Ne5 f5 60. Kf3 Ra4 61. Nc6 g4+ 62. Ke2 Ra2+ 63. Kf1 Kg5 64. Nd4 Kf6 65. Ne2 Ke5 66. Ke1 Rxe2+ 67. Kxe2 Ke4 68. Kf2 Kd3 0-1

[Event "*** Titled Tuesday Blitz"]
[Site "Chess.com"]
[Date "2019.04.02"]
[Round "5"]
[White "Margency"]
[Black "UCantHandleDenker"]
[Result "1/2-1/2"]
[WhiteElo "2698"]
[BlackElo "2481"]
[TimeControl "180+2"]
[EndTime "15:06:40 PDT"]
[Termination "Game drawn by repetition"]

1. d4 Nf6 2. c4 g6 3. Nc3 Bg7 4. e4 d6 5. Be2 O-O 6. Be3 e5 7. d5 a5 8. g4 Na6 9. g5 Nd7 10. h4 Ndc5 11. h5 c6 12. Nf3 a4 13. Rb1 Qa5 14.
Bd2 Qb6 15. Kf1 Bd7 16. Be3 Qa5 17. Qd2 Rfe8 18. Ne1 cxd5 19. cxd5 Nc7 20. Nd3 Nxd3 21. Bxd3 b5 22. hxg6 hxg6 23. Kg2 b4 24. Ne2 Bb5 25. Rbc1 Bxd3 26. Qxd3 Qb5 27. Qxb5 Nxb5 28. Rc4 b3 29. axb3 axb3 30. Rb4 Reb8 31. Rxb3 Nd4 32. Rxb8+ Rxb8 33. Bxd4 exd4 34. Nf4 Rxb2 35. Rd1 Rb3 36. Nd3 Rc3 37. f4 f6 38. gxf6 Bxf6 39. e5 Bg7 40. exd6 Rc8 41.
Re1 Rd8 42. Re6 Bf8 43. Rxg6+ Kh7 44. f5 Bxd6 45. Rg4 Rf8 46. Rg5 Be7 47. Rh5+ Kg7 48. Kf3 Rd8 49. Ke4 Bf6 50. Rh3 Re8+ 51. Kf4 Rd8 52. Rg3+ Kf8 53. Ke4 Re8+ 54. Kf3 Rd8 55.
Rg6 Kf7 56. Ke4 Re8+ 57. Kf4 Rd8 58. Ne5+ Bxe5+ 59. Kxe5 d3 60. Rg3 d2 61. Rd3 Re8+ 62.
Kf4 Re2 63. d6 Ke8 64. Kf3 Re5 65. Kf4 Re2 66. Kg5 Kd7 67. Kg6 Rg2+ 68. Kf7 Rf2 69.
f6 Rg2 70. Kf8 Rf2 71. f7 Rg2 72. Rd5 Rf2 73. Kg7 Rg2+ 74. Kf6 Rf2+ 75. Kg6 Rg2+ 76. Kh7 Rf2 77. Rxd2 Rxf7+ 78. Kg6 Rf1 79. Kg5 Rf8 80. Kg6 Rf1 81. Rd3 Rf2 82. Rd1 Rf3 83. Kg5 Rf2 84. Kg6 Rf3 85. Kg5 Rf2 86. Kg6 Rf3 87.
Kg5 1/2-1/2